[Event "Israel Team Championship 2025"]
[Site "Israel"]
[Date "2025.01.17"]
[Round "3.22"]
[White "Bakalchuk, Johnatan"]
[Black "Soffer, Ram"]
[Result "0-1"]
[Annotator "TA"]
[ECO "A14"]
[WhiteElo "2445"]
[BlackElo "2423"]
[PlyCount "132"]
[EventDate "2025.01.07"]
[EventType "team-tourn"]
[EventCountry "ISR"]
[SourceTitle "playchess.com"]
[Source "ChessBase"]
[SourceQuality "1"]
[TimeControl "40/5400+30:1800+30"]

1. c4 e6 2. Nf3 d5 3. b3 Nf6 4. g3 Be7 5. Bg2 O-O 6. O-O a5 7. Bb2 a4 8. Na3 Nc6 9. d3 Bd7 10. bxa4 Na5 11. cxd5 exd5 12. Nb5 c6 13. Nc3 Re8 14. Rb1 Bc5 15. Ba1 Bf5 16. Qc1 Bf8 17. Qf4 Bg6 18. h3 Bd6 19. Qd2 h6 20. Rfd1 Qe7 21. e3 Nd7 22. e4 Nc5 23. Nh4 (23. exd5 $5 Nxd3 24. Nh4 $16) 23... Bh7 24. Nf5 Bxf5 25. exf5 Nd7 26. h4 (26. Re1 $14 Qd8 27. Nd1) 26... Nf6 (26... Be5 $1 $11) 27. Re1 $14 Qc7 28. Rxe8+ Rxe8 29. Ne2 Be5 30. Nd4 b6 31. Nf3 ({Better is} 31. Bb2 $14) 31... Bxa1 $11 32. Rxa1 Nb7 33. Rb1 Nc5 34. Qc2 Ra8 35. Rb4 Ncd7 36. d4 Qd6 37. Rb1 c5 38. Bf1 c4 39. Rb5 Ra5 40. Rxa5 (40. Nd2 $11 {keeps the balance.}) 40... bxa5 $17 41. Be2 Qb4 42. Nd2 (42. Kg2 $142) 42... Nb6 43. Bd1 {[%emt 0:00:59] [#]} Nxa4 (43... Nc8 $1 $17 44. g4 Ne7 (44... Nd6 45. g5 $17)) 44. a3 $1 $15 (44. Nxc4 $2 Qe1+ 45. Kg2 dxc4 46. Qxa4 Ne4 $19) 44... Qc3 (44... Qxa3 45. Qxa4 Qxa4 46. Bxa4 $18) 45. g4 $2 (45. Kf1 $15) 45... Qxc2 46. Bxc2 Nc3 47. g5 (47. f3 {was called for.}) 47... Ne2+ $19 48. Kf1 Nxd4 49. Ba4 Ng4 50. Nb1 Nh2+ 51. Kg2 Nhf3 52. gxh6 Nxh4+ 53. Kg3 Nhxf5+ 54. Kf4 f6 (54... Nxh6 55. Ke5 Ne2 56. Kxd5 $17) (54... gxh6 55. Nc3 $19) 55. hxg7 Ne7 ({Much less strong is} 55... Kxg7 56. Nc3 Ne7 57. Nxd5 Nxd5+ 58. Ke4 $19) 56. Bd7 Kxg7 57. Nc3 Kf7 58. Bh3 (58. Ke3 $142 Nb3 (58... Nc2+ $2 59. Kd2 $19) 59. Ne2) 58... Ne6+ $19 59. Kg3 Nc5 60. Bf1 $2 (60. Kf4) 60... Ke6 $19 61. Kf4 Ng6+ 62. Ke3 Nb3 63. Ne2 Kd6 64. f4 Kc5 65. f5 Ne5 66. Ng3 c3 0-1

[Event "Israel Team Championship 2025"]
[Site "Israel"]
[Date "2025.01.17"]
[Round "3.23"]
[White "Lev, Ronen"]
[Black "Grinberg, Eyal"]
[Result "1-0"]
[Annotator "TA"]
[ECO "E35"]
[WhiteElo "2338"]
[BlackElo "2464"]
[PlyCount "49"]
[EventDate "2025.01.07"]
[EventType "team-tourn"]
[EventCountry "ISR"]
[SourceTitle "playchess.com"]
[Source "ChessBase"]
[SourceQuality "1"]
[TimeControl "40/5400+30:1800+30"]

1. d4 Nf6 2. c4 e6 3. Nc3 Bb4 4. Qc2 d5 5. cxd5 exd5 6. a3 (6. Bg5 $142) 6... Bxc3+ $11 7. Qxc3 Ne4 {[%emt 0:02:22] Repels Bg5} 8. Qb3 c5 9. dxc5 $1 Nc6 10. Nf3 O-O 11. e3 d4 (11... Bg4 $15) 12. Qc2 Qa5+ $1 13. Bd2 Nxd2 14. Qxd2 Qxc5 15. exd4 Re8+ 16. Be2 Qb5 17. a4 $36 {[%emt 0:20:35][%mdl 2048] White is more active.} Qc4 18. Ra3 Bg4 19. Re3 Qxa4 20. O-O Qb4 {[%emt 0:04:13] aiming for ...Qxd2.} 21. Rd1 Rad8 22. h3 Be6 $2 {[%emt 0:03:08] [#]} (22... Qxd2 $11 {and Black stays safe.} 23. Rxd2 Bxf3 24. Bxf3 Rxe3 25. fxe3 Rd7) 23. d5 $1 $18 {[%emt 0:07:13][%cal Bd4d5,Bd5e6][%mdl 544] Threatens to win with Qc1.} Qc5 {[%emt 0:03:13] [#]} (23... Bxd5 $2 24. Qxd5 Rf8 25. Qb3 $18) 24. Ng5 $1 (24. Rd3 Rxd5 25. Rxd5 Bxd5 (25... Qxd5 26. Qxd5 Bxd5 27. Rxd5 $15) 26. Qxd5 Qxd5 27. Rxd5 Rxe2 $16) 24... Nb4 $2 (24... Qxd5 $2 {is the wrong capture.} 25. Qxd5 (25. Rd3 Qe5 $11) 25... Bxd5 26. Rxd5 $18) (24... h6) 25. dxe6 ({Weaker is} 25. Nxe6 fxe6 26. d6 Nd5 $14) 1-0

[Event "Israel Team Championship 2025"]
[Site "Israel"]
[Date "2025.01.17"]
[Round "3.24"]
[White "Kochavi, Ori"]
[Black "Ganor, Dotan"]
[Result "1/2-1/2"]
[Annotator "TA"]
[ECO "C02"]
[WhiteElo "2377"]
[BlackElo "2243"]
[PlyCount "93"]
[EventDate "2025.01.07"]
[EventType "team-tourn"]
[EventCountry "ISR"]
[SourceTitle "playchess.com"]
[Source "ChessBase"]
[SourceQuality "1"]
[TimeControl "40/5400+30:1800+30"]

1. e4 e6 2. d4 d5 3. e5 c5 4. c3 Qb6 5. Nf3 Bd7 6. Be2 Bb5 7. dxc5 Bxc5 8. Bxb5+ Qxb5 9. b4 Bf8 10. Na3 Qd7 11. O-O Nc6 12. Nc2 Nge7 13. a4 Ng6 14. Qe2 Be7 {[%emt 0:00:00] Repels h4} 15. b5 Na5 16. Ncd4 ({White should try} 16. Be3 $15) 16... O-O $17 17. h4 Bxh4 18. Nxh4 Nxh4 19. Ba3 Rfc8 (19... Rfe8 $17 20. Qg4 Ng6) 20. Rad1 (20. Bb4 $1 $15 Nc4 21. a5) 20... Nc4 (20... Rxc3 21. Bb4 Rc4 22. Bxa5 $16) 21. Bc1 Ng6 {[%emt 0:00:00][%cal Oc4b6] A dynamic duo of knights.} 22. f4 Nb6 (22... a6 $15 23. f5 exf5 (23... Ngxe5 24. fxe6 fxe6 25. Bf4 $15)) 23. f5 $11 exf5 24. Rxf5 (24. Nxf5 $11 Nxa4 25. Qg4 Qxb5 (25... Nxe5 26. Qxg7#) (25... Nxc3 $2 26. Nh6+ gxh6 27. Qxd7 $18) 26. e6 fxe6 (26... Rxc3 $2 27. exf7+ Kf8 28. Kh1 $18) 27. Nh6+ Kh8 (27... gxh6 28. Qxe6+ Kh8 29. Be3 $11) 28. Nf7+ Kg8 29. Nh6+) 24... Nxa4 25. Rdf1 $1 Rf8 (25... Rxc3 26. Rxf7 Qc8 27. Bd2 $18) (25... Qc7 $17 26. Qe3 Qb6 (26... Qxc3 27. Rxf7 Qxe3+ 28. Bxe3 $11) 27. Rxf7 Nxc3) 26. Ba3 Qc7 {[%emt 0:00:12] [#]} 27. Bxf8 (27. Qf2 $1 $16 Rfe8 28. Rxf7 (28. Bd6 Qb6 $16)) 27... Rxf8 $14 28. e6 f6 $1 29. Rc1 {[%emt 0:01:36][%mdl 1024] White has compensation.} (29. Rxd5 Nxc3 (29... Qxc3 $2 30. e7 $18) 30. Qh5 Nxd5 31. Qxd5 Ne7 $17) 29... Ne7 (29... Nxc3 $2 30. Qe3 Rc8 31. Rf3 $18) 30. Rf3 Rc8 31. Qa2 Nb6 32. Re1 (32. Qxa7 $2 Ra8 $19) 32... Ra8 33. Qf2 Nc4 34. Rh3 {[%emt 0:02:09] Nf5 would now be deadly.} Ne5 35. Qh4 {[%emt 0:00:42] Chess con chili.} h6 36. Qh5 Rf8 37. Rg3 Kh8 38. Kh1 a5 39. bxa6 $1 bxa6 40. Ree3 (40. Nf5 $11 Nxf5 41. Qxf5) 40... Rg8 (40... a5 $15) 41. Re1 a5 42. Qe2 (42. Rh3 $11) 42... Ra8 $17 43. Rf1 a4 44. Qf2 Rf8 ({Black should play} 44... a3 $17 45. Ra1 Nc4) 45. Ra1 $15 Ra8 (45... Rb8 $15) 46. Rf1 $19 Rf8 (46... a3 $19 {and ...Rb8 would now be decisive} 47. Ra1 Qb8) 47. Ra1 $1 1/2-1/2

[Event "Israel Team Championship 2025"]
[Site "Israel"]
[Date "2025.01.17"]
[Round "3.25"]
[White "Sokolovsky, Yahli"]
[Black "Gorshtein, Ido"]
[Result "1/2-1/2"]
[Annotator "TA"]
[ECO "B17"]
[WhiteElo "2535"]
[BlackElo "2565"]
[PlyCount "95"]
[EventDate "2025.01.07"]
[EventType "team-tourn"]
[EventCountry "ISR"]
[SourceTitle "playchess.com"]
[Source "ChessBase"]
[SourceQuality "1"]
[TimeControl "40/5400+30:1800+30"]

1. e4 c6 2. d4 d5 3. Nd2 dxe4 4. Nxe4 Nd7 5. Ng5 Ngf6 6. Bd3 e5 7. Qe2 (7. N1f3 $14) 7... Qe7 8. N1f3 exd4 9. Bc4 Nd5 10. Bxd5 cxd5 11. Nxd4 Qxe2+ 12. Kxe2 h6 13. Ngf3 Bc5 14. Nb5 {[%emt 0:01:53] A dynamic duo of knights.} O-O 15. Nc7 Rb8 16. Nxd5 b6 17. c4 Bb7 (17... Re8+ $11 18. Be3 b5) 18. Rd1 $14 Bxd5 19. Rxd5 Nf6 20. Rd3 Ng4 21. Be3 Nxe3 22. fxe3 Rbe8 23. Rf1 Re4 24. Nd2 Rh4 25. h3 Re8 26. Rf3 Rd4 27. e4 a5 28. Rf5 g6 {[%emt 0:02:19] [#]} (28... Re6 $142) 29. Rd5 $1 $16 Rxd5 30. Rxd5 {[%emt 0:00:45][%mdl 4096] Endgame KRB-KRN. White is a pawn up.} Bb4 31. e5 Rc8 32. b3 Bc5 (32... Kf8 $142 33. Rb5 Bc5) 33. Ne4 $18 Kf8 34. Nxc5 bxc5 {[%emt 0:00:14] KR-KR. White is a pawn up.} 35. Kd3 a4 (35... Ke7 $142 36. Kc2 Ke6) 36. bxa4 Ra8 37. Rxc5 Rxa4 38. Rb5 (38. Rc8+ Ke7 $11) 38... Rxa2 39. c5 Ra1 $2 (39... Ke7 $16 {is a better defense.} 40. g3 Ra3+ 41. Kd4 Rxg3) 40. Kd2 $2 ({Better is} 40. Kd4 $18) 40... Ke7 $14 41. g4 Kd7 42. Rb7+ Ke6 43. c6 Ra5 {[%emt 0:01:15] Wards off Rb5} 44. Rb3 Rxe5 45. Rc3 Rd5+ $1 46. Ke3 {[%emt 0:00:02] Threatening mate with c7.} (46. Ke2 $5 Rd8 $8 47. h4 $11 (47. Re3+ $2 Kd6 $17)) 46... Rd8 $1 47. Kf4 {[%emt 0:00:43] and g5 would now be decisive} (47. c7 $5 Rc8 $8 48. Ke4 $11) 47... Rd4+ 48. Ke3 (48. Kg3 $5 Rd8 $8 49. Kf4 $11) 1/2-1/2

[Event "Israel Team Championship 2025"]
[Site "Israel"]
[Date "2025.01.17"]
[Round "3.26"]
[White "Boruchovsky, Avital"]
[Black "Motylev, Alexander"]
[Result "0-1"]
[Annotator "TA"]
[ECO "D75"]
[WhiteElo "2532"]
[BlackElo "2596"]
[PlyCount "64"]
[EventDate "2025.01.07"]
[EventType "team-tourn"]
[EventCountry "ISR"]
[SourceTitle "playchess.com"]
[Source "ChessBase"]
[SourceQuality "1"]
[TimeControl "40/5400+30:1800+30"]

1. Nf3 d5 2. g3 c5 3. Bg2 Nf6 4. O-O g6 5. c4 Bg7 6. d4 cxd4 7. cxd5 Nxd5 8. Nxd4 O-O 9. Nc3 Nb6 10. e3 Nc6 11. Nxc6 bxc6 12. Qc2 Nd5 13. Nxd5 cxd5 14. Rd1 Be6 15. e4 d4 16. Bf4 Qb6 17. Rd2 Rac8 18. Qa4 Rfd8 19. Qa3 Rc5 20. Rad1 (20. b4 $17 {might work better.} Rc3 21. Qb2) 20... Bg4 (20... g5 $19 21. b4 Rb5 (21... Rc3 22. Qxc3 dxc3 23. Rxd8+ Bf8 24. Be3 $15)) 21. f3 $17 Bd7 22. Rd3 (22. Rf2 $17) 22... Bb5 $19 23. R3d2 e5 24. Bg5 f6 25. Be3 Bf8 26. Bf2 Kg7 ({And not} 26... Rc3 27. Qxc3 dxc3 28. Rxd8 $14 (28. Bxb6 $2 {is the wrong capture.} Rxd2 29. Rc1 cxb2 $19)) 27. b4 Rc4 28. Rb2 Rdc8 29. Rb3 $2 (29. Bf1 Rc3 30. Rb3 Rxb3 31. Qxb3) 29... Rc2 {[%emt 0:00:19][%cal Oc2f2] And now ...Rxf2! would win.} 30. Bf1 {[%emt 0:00:52] [#]} Rxf2 $1 31. Bxb5 {[%emt 0:01:12] [#]} (31. Qa5 Rxf1+) 31... Qxb5 $1 32. Qxa7+ (32. Rb2 Rxb2) 32... Kg8 0-1

[Event "Israel Team Championship 2025"]
[Site "Israel"]
[Date "2025.01.17"]
[Round "3.27"]
[White "Yaniv, Yuval"]
[Black "Rozen, Eytan"]
[Result "1-0"]
[Annotator "TA"]
[ECO "B12"]
[WhiteElo "2410"]
[BlackElo "2504"]
[PlyCount "143"]
[EventDate "2025.01.07"]
[EventType "team-tourn"]
[EventCountry "ISR"]
[SourceTitle "playchess.com"]
[Source "ChessBase"]
[SourceQuality "1"]
[TimeControl "40/5400+30:1800+30"]

1. e4 c6 2. d4 d5 3. e5 Bf5 4. c4 e6 5. Nc3 Ne7 6. Nge2 dxc4 7. Ng3 b5 8. Be2 Na6 9. O-O Qd7 (9... Nb4 $15) 10. b3 $14 cxb3 11. Qxb3 Nc7 $1 12. a4 b4 13. Qxb4 Ned5 14. Qb3 Nxc3 15. Qxc3 Nd5 16. Qf3 Bg6 17. h4 h5 18. Bd3 Be7 (18... Bxd3 $11 19. Qxd3 c5) 19. Bxg6 $16 fxg6 20. Ne4 Rf8 21. Qg3 {[%emt 0:01:20] White is more active.} Kf7 22. Ba3 Kg8 23. Rfe1 (23. Qxg6 $2 Nf4 24. Nf6+ Rxf6 $19) 23... Kh7 (23... Bxa3 $142 24. Qxa3 (24. Rxa3 Ne7 $16) 24... Rab8) 24. Bxe7 Qxe7 (24... Nxe7 $16 {might work better.} 25. Qb3 Kh8) 25. Qg5 (25. Rac1 $18) 25... Qb4 26. Qd2 (26. Red1 $16) 26... Qxd2 $14 27. Nxd2 Nb4 (27... g5 $14) 28. Re4 (28. Rec1 $16) 28... Kg8 (28... g5 $1 $14) 29. Ra3 ({Better is} 29. Nf3 $16) 29... Nd5 30. Re1 Rab8 31. Rc1 Nf4 32. Rxc6 Ne2+ 33. Kf1 Nxd4 34. Rc4 Nf5 $1 35. Rd3 Rb2 {[%emt 0:01:38][%cal Ob2d2] ...Rxd2! would now be deadly.} 36. Nf3 $36 {[%emt 0:01:25][%mdl 2048] Black is under pressure.} Ne7 37. Rd2 Rb1+ ({Black should play} 37... Rxd2 38. Nxd2 Rc8) 38. Ke2 $16 Nd5 39. g3 $1 {[%emt 0:00:35] Repels Nf4+} Rf5 {[%emt 0:05:28] [#]} 40. Rc8+ $1 Rf8 41. Rdc2 Ne7 42. Rxf8+ Kxf8 $18 {[%emt 0:27:32][%mdl 4096] Endgame [#] KRN-KRN} 43. Rc7 $1 a5 44. Rc5 Rb4 45. Rxa5 Nc6 46. Rc5 Nd4+ $2 (46... Nd8 47. a5 Ke8) 47. Nxd4 Rxd4 {[%emt 0:00:00] KR-KR. White is a pawn up.} 48. a5 Ra4 49. Kd3 g5 50. hxg5 Kf7 51. Kc3 Ra2 52. Kb3 Rxf2 53. a6 {[%emt 0:00:43] a7 would kill now.} Kg6 54. a7 Rf8 55. Rc7 {[%emt 0:00:51] Black must now prevent Rb7.} Ra8 56. Kc4 Kxg5 57. Rxg7+ Kf5 58. Kd4 Rc8 59. Rb7 Ra8 60. Kc5 Kxe5 61. Kb6 Ke4 62. Rh7 Kf3 63. Rxh5 Kxg3 64. Kb7 Re8 65. a8=Q ({Worse is} 65. a8=B e5 $11) 65... Rxa8 66. Kxa8 {[%emt 0:00:04] KR-KP} Kf4 67. Kb7 e5 68. Kc6 e4 69. Kd5 e3 70. Kd4 e2 71. Re5 Kf3 72. Kd3 1-0

[Event "Israel Team Championship 2025"]
[Site "Israel"]
[Date "2025.01.17"]
[Round "3.28"]
[White "Erenberg, Ariel"]
[Black "Guz, Ari"]
[Result "1-0"]
[Annotator "TA"]
[ECO "C11"]
[WhiteElo "2512"]
[BlackElo "2336"]
[PlyCount "91"]
[EventDate "2025.01.07"]
[EventType "team-tourn"]
[EventCountry "ISR"]
[SourceTitle "playchess.com"]
[Source "ChessBase"]
[SourceQuality "1"]
[TimeControl "40/5400+30:1800+30"]

1. e4 e6 2. d4 d5 3. Nc3 Nf6 4. e5 Nfd7 5. f4 c5 6. Nf3 Nc6 7. Be3 cxd4 8. Nxd4 Qb6 9. Qd2 Qxb2 10. Rb1 Qa3 11. Bb5 $1 Nxd4 12. Bxd4 {[%emt 0:00:05][%cal Of4f5] Black should prevent f5!} a6 13. Rb3 {[%emt 0:00:23][%mdl 1024] White has compensation.} Qe7 {[%emt 0:03:57] The position is equal.} 14. Ba4 Qd8 {[%emt 0:31:26] [#] Hoping for ...b5.} 15. Bb6 Qh4+ 16. g3 Qh3 {[%emt 0:01:39] ...Be7 is the strong threat.} 17. Ne4 Be7 18. Nd6+ (18. Nc5 {simplifies} Bxc5 19. Bxd7+ Bxd7 20. Bxc5 Bc6 21. Kd1) 18... Bxd6 19. exd6 O-O 20. Rf1 Nf6 21. Qe2 (21. g4 $15 Qxg4 22. Rg3) 21... h5 (21... Bd7 $17 22. g4 Qh4+ (22... Qxg4 $2 23. Qxg4 Nxg4 24. Bxd7 $18) 23. Bf2 Qxh2 24. Bxd7 Nxd7) 22. Rff3 $15 Bd7 23. Bxd7 Nxd7 24. Bd4 b5 $36 {[%emt 0:02:44][%mdl 2048] Black fights for an advantage.} 25. Rfc3 Rfc8 26. Rc7 e5 27. fxe5 {[%emt 0:01:43][%cal Oe5e6] Threatens to win with e6!} Rxc7 28. dxc7 Rc8 29. Rc3 Qe6 30. Qxh5 (30. a3 $1 $11) 30... b4 $17 31. Rf3 Rxc7 32. Kd1 Nf8 {[%emt 0:02:33] aiming for ...Qc6.} 33. Rf4 {[%emt 0:04:44] [#]} (33. Rf2 $142) 33... Qc6 $1 $19 34. Qf5 Qe6 $2 (34... Ne6 $19 35. Rh4 g6) 35. Qxe6 $11 Nxe6 {[%emt 0:00:12][%mdl 4096] Endgame. KRB-KRN} 36. Bb6 $1 Rc3 ({Much worse is} 36... Rc4 $6 37. Rxc4 dxc4 38. Kd2 $16 (38. Ba5 b3 $14)) 37. Rxb4 Ra3 {[%emt 0:00:13] Repels Ra4} 38. Rb2 Ng5 (38... Kh7 $11 {keeps the balance.}) 39. Bc5 $16 Rc3 40. Rb8+ Kh7 41. Bd6 Ne4 42. Rb6 d4 (42... Rf3 $1 $14) 43. Rb4 $18 (43. Rxa6 Nf2+ 44. Kd2 Ne4+ 45. Ke2 Re3+ 46. Kd1 Nc3+ 47. Kd2 (47. Kc1 Re1+ 48. Kb2 Rb1+ 49. Ka3 Nb5+ 50. Ka4 Nc3+ 51. Ka3 d3 $11) 47... Ne4+ 48. Kc1 Nc3 $14) 43... Rf3 (43... f5 $142 44. Rxd4 Kg8) 44. Rxd4 Nc3+ 45. Kd2 Nxa2 $2 (45... Kg6 46. Rc4 Nb1+ 47. Ke2 Rf5) 46. Rf4 {[%emt 0:01:59] White used his chance.   Weighted Error Value: White=0.17 (very precise) /Black=0.33.  Missed win:     	---       	Black=1      Mistake:       	White=3     	Black=5      Inaccurate:     	White=4     	Black=3      OK:         	White=15    	Black=11     Best:        	White=3     	Black=4      Strong:       	White=1     	---} 1-0

[Event "Israel Team Championship 2025"]
[Site "Israel"]
[Date "2025.01.17"]
[Round "3.29"]
[White "Efroimski, Marsel"]
[Black "Raznikov, Danny"]
[Result "1-0"]
[Annotator "TA"]
[ECO "C45"]
[WhiteElo "2389"]
[BlackElo "2466"]
[PlyCount "57"]
[EventDate "2025.01.07"]
[EventType "team-tourn"]
[EventCountry "ISR"]
[SourceTitle "playchess.com"]
[Source "ChessBase"]
[SourceQuality "1"]
[TimeControl "40/5400+30:1800+30"]

1. e4 e5 2. Nf3 Nc6 3. d4 exd4 4. Nxd4 Bc5 5. Nb3 Bb6 6. Nc3 Nf6 7. Qe2 O-O 8. Bg5 h6 9. Bh4 Nd4 10. Qd3 Nxb3 11. axb3 {[%emt 0:00:04] 0-0-0 is in the air} g5 (11... c6 $11) 12. Bg3 $16 d6 13. Be2 Ng4 {[%emt 0:06:17] [#]} (13... Be6 $16) 14. h4 $1 $18 Ne5 (14... c6 $142 15. hxg5 (15. Qxd6 Bxf2+ 16. Kf1 Qxd6 $11) 15... Qxg5 16. Bxg4 (16. Bxd6 Nxf2 17. Qf3 Nxh1 $19) (16. Qxd6 Rd8 $17) 16... Bxg4 17. Qxd6 Bc5 18. Qxh6 Qxh6 19. Rxh6 Bd4) 15. Qd2 Kg7 $2 (15... Ng6 16. hxg5 Qxg5 17. Rxh6 Qxd2+ 18. Kxd2 Kg7) 16. Nd5 Be6 17. hxg5 Bxd5 18. gxh6+ ({Resist} 18. exd5 $6 hxg5 19. Rh5 f6 $16) 18... Kh7 19. exd5 Qf6 20. Bh4 Qf5 21. O-O-O Rg8 (21... Qe4 $142 22. Rde1 Rg8) 22. f4 Ng6 23. Bd3 Qg4 24. Bf6 Rae8 25. Rde1 {[%emt 0:01:06] Inhibits Be3.} Qg3 26. Kb1 {[%emt 0:04:59] and Rxe8 should not be overlooked} Be3 27. Qc3 Bxf4 28. Rxe8 Rxe8 29. Bh4 1-0

[Event "Israel Team Championship 2025"]
[Site "Israel"]
[Date "2025.01.17"]
[Round "3.30"]
[White "Mindlin, Alon"]
[Black "Vagman, Roy"]
[Result "1-0"]
[Annotator "TA"]
[ECO "D40"]
[WhiteElo "2443"]
[BlackElo "2254"]
[PlyCount "131"]
[EventDate "2025.01.07"]
[EventType "team-tourn"]
[EventCountry "ISR"]
[SourceTitle "playchess.com"]
[Source "ChessBase"]
[SourceQuality "1"]
[TimeControl "40/5400+30:1800+30"]

1. d4 Nf6 2. c4 e6 3. Nf3 d5 4. e3 c5 5. Nc3 Nc6 6. a3 dxc4 7. Bxc4 a6 8. O-O b5 9. Bd3 Bb7 10. Qe2 cxd4 11. exd4 Be7 12. Rd1 Na5 13. Bg5 Nd5 14. Ne4 O-O 15. Be3 Rc8 ({Black should try} 15... Nb3 $15 16. Rab1 Rc8) 16. Nc5 $11 Bxc5 17. dxc5 Qc7 (17... Qe7 $1 $11) 18. Rac1 $14 Rfd8 19. b4 Nc6 20. Ng5 $36 {[%emt 0:01:03][%mdl 2048] White is more active.} Nf6 21. Ne4 Nxe4 $1 22. Bxe4 Ne7 $2 {[%emt 0:06:19] [#]} (22... Qe5 $14 23. Bf3 Qc7) 23. Bf4 $1 $18 Qxf4 24. Bxb7 Rb8 25. Bxa6 Rxd1+ 26. Qxd1 Nc6 27. g3 Qh6 $2 (27... Qe4 28. Qd6 h5) 28. Rc3 Qh3 $2 (28... Qf6 29. Rf3 Rd8) 29. Qf1 (29. Bxb5 $142 Rxb5 30. Qd7) 29... Qf5 {[%emt 0:00:50] Prevents Rd3.} 30. Qd3 Qh3 $2 (30... Qf6 31. Rc1 (31. Bxb5 Nd4 $18) 31... h5) 31. Bxb5 Rd8 32. Qf1 Qg4 33. Bxc6 Rd1 {[%emt 0:00:05] [#]} 34. Bb5 $1 Qd4 (34... h5 35. c6) 35. Rd3 Rxf1+ 36. Kxf1 {[%emt 0:00:03][%mdl 4096] Endgame KQ-KRB} Qa1+ 37. Kg2 h5 (37... g5 $142 38. Re3 Qd1) 38. c6 Qe5 39. Rd8+ Kh7 40. Bd3+ f5 41. Rd7 h4 42. b5 Qc5 43. c7 Kh6 44. gxh4 g5 45. hxg5+ Kxg5 46. a4 e5 47. a5 e4 48. a6 exd3 {[%emt 0:19:54] KQ-KR} 49. a7 Qc4 50. Rg7+ (50. a8=B Qg4+ 51. Kh1 Qd1+ 52. Kg2 Qg4+ 53. Kh1 Qd1+ 54. Kg2 Qg4+ $11) (50. h4+ $142 Qxh4 51. Rg7+ (51. c8=R Qg4+ 52. Kh2 Qf4+ 53. Kg2 Qg4+ 54. Kh2 Qh4+ 55. Kg1 Qg4+ 56. Kh2 $11) (51. Rxd3 Qe4+ 52. Kh2 Qxd3 $18) 51... Kf6 52. c8=Q (52. c8=R Kxg7 $11) 52... Kxg7 53. Qc7+ (53. a8=B Qg4+ 54. Kh1 Qd1+ 55. Kh2 Qh5+ 56. Kg2 Qg4+ 57. Kh2 Qh5+ 58. Kg2 Qg4+ $11) (53. Qxf5 Qd8 $18) 53... Kh6 54. a8=Q (54. a8=B Qg4+ 55. Qg3 d2 $18) 54... Qg4+ 55. Qg3) 50... Kf6 51. a8=Q (51. a8=B $2 Kxg7 52. Bf3 Qxc7 $19 (52... Qxb5 $2 {too greedy.} 53. c8=Q $18)) 51... Kxg7 {[%emt 0:00:00] KQ-KQ. White is two pawns up.} 52. Qa1+ (52. c8=B Qg4+ 53. Kf1 d2 54. Qa7+ Kg6 55. Bxf5+ Qxf5 56. Qb6+ Kh5 $19) 52... Kg6 53. Qd1 {[%emt 0:00:31] b6 is the strong threat.} ({Weaker is} 53. Qa6+ Kh5 54. Qd6 (54. c8=R Qg4+ 55. Kf1 Qd1+ 56. Kg2 Qg4+ 57. Kh1 Qd1+ 58. Kg2 Qg4+ $11) 54... Qe4+ 55. f3 Qe2+ 56. Kg3 f4+ 57. Kxf4 (57. Qxf4 Qe1+ 58. Kg2 Qe2+ 59. Kg3 Qe1+ 60. Kg2 Qe2+ 61. Kg3 $11) 57... Qxh2+ 58. Ke3 Qxd6 $11) 53... d2 54. Qxd2 Qg4+ 55. Kf1 Qc4+ 56. Qe2 Qc1+ 57. Kg2 Qg5+ 58. Kf3 Qg4+ 59. Ke3 Qe4+ 60. Kd2 {[%emt 0:00:04] Threatening mate with Qxe4.} Qb4+ 61. Kc2 Qa4+ 62. Kc3 Qa5+ 63. Kb3 Qxc7 64. Qe6+ Kg5 {[%emt 0:00:18] [#]} 65. h4+ $1 Kxh4 (65... Kh5 66. Qxf5+) 66. Qxf5 $2 (66. Qc4+ {mates} Qxc4+ 67. Kxc4 Kh3 68. b6 Kg2 69. b7 Kxf2 70. b8=Q (70. b8=B Ke3 $11) 70... Kf3 71. Kd4) 1-0

[Event "Israel Team Championship 2025"]
[Site "Israel"]
[Date "2025.01.17"]
[Round "3.31"]
[White "Rodshtein, Maxim"]
[Black "Tifferet, Shakked"]
[Result "1-0"]
[Annotator "TA"]
[ECO "A14"]
[WhiteElo "2635"]
[BlackElo "2305"]
[PlyCount "81"]
[EventDate "2025.01.07"]
[EventType "team-tourn"]
[EventCountry "ISR"]
[SourceTitle "playchess.com"]
[Source "ChessBase"]
[SourceQuality "1"]
[TimeControl "40/5400+30:1800+30"]

1. c4 e6 2. g3 d5 3. Bg2 Nf6 4. Nf3 Be7 5. O-O O-O 6. d3 c5 7. Ne5 Qd6 8. f4 Nbd7 9. Nf3 {[%emt 0:07:32] [#] The position is equal.} b5 $1 10. cxb5 a6 11. bxa6 Bxa6 12. Kh1 Rfc8 {[%emt 0:02:04][%mdl 1024] Black has compensation.} 13. b3 Qb8 14. Nc3 Ra7 15. Bd2 c4 16. bxc4 dxc4 17. Rb1 Bb7 18. dxc4 Qa8 19. Be3 Ra3 20. Bd4 Nc5 21. Qc2 Bc6 22. e3 Nfe4 $2 {[%emt 0:01:13] Black cannot hold the game after this.} (22... Ng4 $14) 23. Ne5 $18 Rxc3 24. Bxc3 {[%emt 0:00:05] Threatens to win with Nxc6.} Ba4 25. Qb2 {[%emt 0:00:34] And now Bb4 would win.} f6 {[%emt 0:00:08][%cal Bf7f6,Bf6g5][%mdl 32] [#]} 26. Nf3 Nd3 (26... Bc6 $142) 27. Qe2 Nxc3 (27... Ndc5 $142) 28. Qxd3 Nxb1 {[%emt 0:00:26] [#]} (28... Ne4 $142 29. Nd4 Nc5 30. Bxa8 Nxd3) 29. Ng5 $1 (29. Qxb1 Bc6 $11) 29... fxg5 30. Bxa8 Rxa8 31. Qe4 Ra6 32. Qxb1 (32. Rxb1 $2 {too greedy.} Bc6 $19) 32... Bc6+ 33. Kg1 Ra8 {[%emt 0:09:17][%cal Ba6a8,Ba8c8,Bc8d8][%mdl 32] Prevents Qb8+} 34. Qb6 Rc8 35. Qa7 Kf8 36. fxg5+ Ke8 37. h4 e5 38. Qa5 Rd8 39. Qc7 Ba8 40. Qxe5 {[%emt 0:00:15] White threatens Qb5+ and mate.} Rd2 41. Qb5+ {[%emt 0:30:12] Weighted Error Value: White=0.08 (flawless) /Black=0.43.  Loses game:     	---       	Black=1      Mistake:       	---       	Black=3      Inaccurate:     	White=2     	Black=5      OK:         	White=11    	Black=8      Best:        	White=2     	Black=1      Strong:       	White=1     	---} ({Worse is} 41. Qxg7 Rg2+ 42. Kh1 Rf2+ 43. Kg1 (43. e4 {gets mated.} Bxe4+ 44. Kg1 Rg2+ 45. Kh1 Rd2+ 46. Kg1 Bc5+) 43... Rg2+ 44. Kh1 Rf2+ 45. Kg1 (45. e4 Bxe4+ 46. Kg1 Rg2+ 47. Kh1 Rd2+ 48. Kg1 Bc5+) 45... Rg2+ $11) 1-0